 Dungeon Crawl Stone Soup version 0.19-a0-1002-g674d22e (webtiles) character file.

64617 4thArraOfDagon the Cruncher (level 14, -8/108 HPs)
             Began as a Mummy Arcane Marksman on July 18, 2016.
             Was an Elder of Makhleb.
             Killed from afar by a deep elf knight (41 damage)
             ... with a shard of ice
             ... on level 1 of the Elven Halls.
             The game lasted 01:13:10 (16765 turns).

4thArraOfDagon the Cruncher (MuAM)                 Turns: 16765, Time: 01:13:11

Health: -8/108     AC: 14    Str: 15    XL:     14   Next: 72%
Magic:  30/30      EV: 11    Int: 20    God:    Makhleb [****..]
Gold:   1591       SH:  4    Dex: 14    Spells: 2 memorised, 10 levels left

rFire  + . .     SeeInvis +     g - +4 quarterstaff (crush)
rCold  . . .     Gourm    .     N - +1 ring mail of Negation {*Drain rElec rF+ Stlth+}
rNeg   + + +     Faith    .     (shield currently unavailable)
rPois  ∞         Spirit   .     z - +0 mask of the Dragon {MR+ Slay+3 SInv}
rElec  +         Dismiss  .     B - +2 cloak
rCorr  +         Reflect  +     D - +0 pair of gloves "Nuts" {+Fly Int+4}
SustAt .         Harm     .     F - +0 pair of boots of Gozag's Favour {rCorr Dex+2 SInv}
MR     ++...                    H - +4 amulet of reflection
Stlth  ++........               p - ring of fire
                                P - ring of magical power

@: very resistant to hostile enchantments, unstealthy
A: no food or potions, fire vulnerability, cold resistance 1, negative energy
resistance 3, torment resistance, unbreathing, in touch with death 1, restore
body
a: Self-Restoration, Minor Destruction, Lesser Servant of Makhleb, Major
Destruction, Renounce Religion, Evoke Flight


You were on level 1 of the Elven Halls.
You worshipped Makhleb.
Makhleb was greatly pleased with you.
You were not hungry.

You visited 5 branches of the dungeon, and saw 25 of its levels.

You collected 2347 gold pieces.
You spent 756 gold pieces at shops.

Inventory:

Hand Weapons
 a - a +0 hand crossbow
 f - a +0 mace
 g - a +4 quarterstaff of crushing (weapon)
 u - a -1 long sword
 R - a +0 blowgun
 Y - the +2 war axe of Conscience {vamp, rC+ MR+ Stlth+}
   (You found it on level 5 of the Lair of Beasts)

   It inflicts no extra harm, but heals its wielder somewhat when it strikes a
   living foe.
   It protects you from cold.
   It affects your resistance to hostile enchantments.
   It makes you more stealthy.
Missiles
 d - 321 bolts
 I - 6 curare-tipped needles
 K - 3 poisoned tomahawks
 Q - a throwing net (quivered)
Armour
 t - a +0 troll leather armour
 z - the +0 mask of the Dragon (worn) {MR+ Slay+3 SInv}
   (You found it on level 6 of the Dungeon)

   It affects your accuracy and damage with ranged weapons and melee attacks
   (+3).
   It affects your resistance to hostile enchantments.
   It lets you see invisible.
 B - a +2 cloak (worn)
 D - the +0 pair of gloves "Nuts" (worn) {+Fly Int+4}
   (You bought it in a shop on level 10 of the Dungeon)

   It affects your intelligence (+4).
   It lets you fly.
 F - the +0 pair of boots of Gozag's Favour (worn) {rCorr Dex+2 SInv}
   (You bought it in a shop on level 10 of the Dungeon)

   It affects your dexterity (+2).
   It lets you see invisible.
   It protects you from acid and corrosion.
 N - the +1 ring mail of Negation (worn) {*Drain rElec rF+ Stlth+}
   (You found it on level 13 of the Dungeon)

   It protects you from fire.
   It insulates you from electricity.
   It causes draining when unequipped.
   It makes you more stealthy.
Magical Staves
 v - an uncursed staff of fire
Jewellery
 c - a +2 ring of evasion
 p - a ring of fire (right hand)
 G - an uncursed ring of ice
 H - a +4 amulet of reflection (around neck)
 P - a ring of magical power (left hand)
Wands
 e - a wand of disintegration (7/24)
 h - a wand of confusion (16/48)
 i - a wand of random effects (23/48)
 m - a wand of disintegration (5/24)
 q - a wand of iceblast (3/15)
 w - a wand of flame (0/48)
 y - a wand of paralysis (10/24)
 A - a wand of flame (34/48)
 C - a wand of paralysis (0/24)
 E - a wand of paralysis (0/24)
 S - a wand of slowing (11/48)
 U - a wand of disintegration (10/24)
Scrolls
 b - 8 scrolls of enchant weapon
 j - 3 scrolls of amnesia
 k - a scroll of immolation
 l - 8 scrolls of remove curse
 n - 5 scrolls of magic mapping
 o - 5 scrolls of fog
 r - 2 scrolls of noise
 s - 2 scrolls of recharging
 L - 5 scrolls of enchant armour
 T - 5 scrolls of identify
 W - a scroll of teleportation
Books
 J - a book of Dreams

   Spells                             Type                      Level
   a - Ensorcelled Hibernation        Hexes/Ice                    2
   b - Silence                        Hexes/Air                    5
   c - Darkness                       Hexes                        6
   d - Shadow Creatures               Summoning                    6
 M - a book of the Warp

   Spells                             Type                      Level
   a - Recall                         Summoning/Translocation      3
   b - Gell's Gravitas                Hexes/Translocation          3
   c - Force Lance                    Conjuration/Translocation    4
   d - Warp Weapon                    Charms/Translocation         5
   e - Summon Forest                  Summoning/Translocation      5
 O - a book of Clouds

   Spells                             Type                      Level
   a - Mephitic Cloud                 Conjuration/Poison/Air       3
   b - Conjure Flame                  Conjuration/Fire             3
   c - Poisonous Cloud                Conjuration/Poison/Air       6
   d - Freezing Cloud                 Conjuration/Ice/Air          6
   e - Ring of Flames                 Charms/Fire                  7
 X - a book of Geomancy

   Spells                             Type                      Level
   a - Sandblast                      Earth                        1
   b - Passwall                       Transmutation/Earth          2
   c - Stone Arrow                    Conjuration/Earth            3
   d - Petrify                        Transmutation/Earth          4
   e - Lee's Rapid Deconstruction     Earth                        5
Miscellaneous
 x - a fan of gales
 V - a lamp of fire


   Skills:
 + Level 9.3 Fighting
 * Level 14.7 Staves
 - Level 3.3 Crossbows
 + Level 9.3 Armour
 + Level 2.2 Dodging
 - Level 1.0 Spellcasting
 - Level 2.6 Hexes
 - Level 10.0 Invocations
 * Level 4.8 Evocations


You had 10 spell levels left.
You knew the following spells:

 Your Spells              Type           Power        Failure   Level  Hunger
b - Slow                  Hex            ##......     17%         2    N/A
c - Mephitic Cloud        Conj/Pois/Air  #.......     88%         3    N/A

Dungeon Overview and Level Annotations

Branches:
Dungeon (15/15)            Temple (0/1) D:6            Lair (6/6) D:8
  Snake (1/4) Lair:3        Slime (0/5) Lair:5          Orc (2/2) D:10
    Elf (1/3) Orc:2
  Swamp: Lair:2-4    Shoals: Lair:2-4    Vaults: D:13-14     Depths: D:15

Altars:
Cheibriados
Fedhas
Gozag
Kikubaaqudgha
Makhleb
Nemelex Xobeh
Ru
Trog
Uskayaw
Vehumet
Xom
Yredelemnul
The Shining One
Beogh
Jiyva

Shops:
D:10 [   Orc:2 %}?[=

Annotations:
Lair:3 exclusion: downstairs
Snake:1 Rupert
Orc:2 Azrael


Innate Abilities, Weirdness & Mutations

You do not eat or drink.
Your flesh is vulnerable to fire.
You are immune to poison.
Your flesh is cold resistant. (rC+)
You are immune to negative energy. (rN+++)
You are immune to unholy pain and torment.
You can survive without breathing.
You are in touch with the powers of death.
You can restore your body by infusing magical energy.


Message History

Press: ? - help, Shift-Dir - straight line The rock wall explodes into countless fragments.
This wand has 5 charges left.
Unknown command.
Unknown command.
You sock the deep elf knight!
The deep elf knight is moderately wounded.
The deep elf knight points at you and mumbles some strange words.
The shard of ice hits you!
You hit the deep elf knight but do no damage.
The deep elf knight is moderately wounded.
A deep elf archer opens the door.
The deep elf knight hits you with a short sword!
A deep elf mage and a deep elf archer come into view.
The deep elf mage shouts!
The deep elf mage moves out of view.
The deep elf archer shoots an arrow.
The arrow hits you!
The deep elf knight gestures at you while chanting.
The shard of ice hits you!
You die...

#........
#........
+........
#.....e..
#<......e
##(.......
#e##e.....
##.'##....
#@## #.#
+## #


You could see 2 deep elf archers, a deep elf knight and a deep elf mage
(wandering).

Vanquished Creatures
  A ghoul (D:14)
  4 dire elephants (Lair:6)
  5 hydras
  3 centaur warriors
  An anaconda (Lair:6)
  A death yak (Lair:5)
  2 orc high priests (Orc:2)
  4 unseen horrors (D:14)
  A skeletal warrior (D:14)
  Pikel (D:8)
  3 hill giants
  5 orc knights
  6 ugly things
  A griffon (D:14)
  A wolf spider zombie (D:14)
  10 elephants
  2 cyclopes
  2 black mambas
  Maurice (D:8)
  7 spiny frogs
  A centaur zombie (D:14)
  2 gargoyles
  A kobold demonologist (D:14)
  A rime drake (Lair:6)
  3 komodo dragons
  An efreet (D:15)
  5 trolls
  A boulder beetle (Lair:6)
  9 blink frogs
  4 slime creatures (D:14)
  A two-headed ogre (D:11)
  3 meliai zombies (D:14)
  A centaur simulacrum (D:15)
  A wraith (D:15)
  A wyvern (shapeshifter) (D:15)
  24 yaks
  6 hippogriffs
  3 basilisks
  Grum (D:11)
  A hungry ghost (D:13)
  4 nagas
  4 swamp worms (Lair:4)
  A warg (Orc:2)
  8 water moccasins
  6 porcupines
  20 orc warriors
  4 sky beasts
  2 wasps
  An eye of draining (D:15)
  5 ice beasts
  A necrophage (D:11)
  4 black bears
  7 ogres
  10 wolves
  10 centaurs
  6 crocodiles
  9 giant frogs
  2 big kobolds
  2 wyvern zombies
  5 scorpions
  A water moccasin skeleton (D:4)
  8 killer bees
  2 electric eels
  A howler monkey (D:9)
  6 crimson imps
  4 jellies
  A quasit (D:15)
  4 centaur skeletons
  2 giant frog zombies
  5 hounds
  2 giant frog skeletons
  14 orc priests
  23 orc wizards
  Crazy Yiuf (D:2)
  5 iguanas
  11 worker ants
  A hound zombie (D:11)
  2 hound skeletons
  7 gnolls
  A howler monkey skeleton (D:7)
  23 river rats
  12 adders
  A shadow imp (D:11)
  4 oozes
  An adder skeleton (D:4)
  3 worms
  3 dart slugs
  8 giant geckos
  69 orcs
  2 ball pythons
  10 bats
  3 giant cockroaches
  2 gnoll zombies (D:3)
  8 goblins
  5 hobgoblins
  13 jackals
  6 quokkas
  5 giant newts
  A jackal skeleton (D:7)
  21 kobolds
  A quokka skeleton (D:5)
  8 rats
  A bush (D:4)
  2 fungi
  2 plants (Lair:6)
557 creatures vanquished.

Vanquished Creatures (collateral kills)
  A ghoul (D:14)
  2 dire elephants (Lair:6)
  The ghost of 4thArraOfDagon the Grappler, a journeyman TrAE of the Shining One (D:15)
  5 hydras
  A centaur warrior (D:14)
  2 death yaks (Lair:6)
  A tengu warrior (D:14)
  An orc high priest (Orc:2)
  A skeletal warrior (D:14)
  2 hill giants
  2 orc knights (Orc:2)
  7 ugly things
  A griffon (Lair:5)
  5 orc sorcerers
  A manticore (D:14)
  A centaur zombie (D:14)
  An elephant (Lair:6)
  A gargoyle (D:14)
  3 spiny frogs
  A redback zombie (D:14)
  A komodo dragon (Lair:5)
  An efreet (D:15)
  A tengu conjurer (D:14)
  A meliai (D:14)
  A slime creature (D:14)
  2 blink frogs (Lair:5)
  5 yaks
  A shadow (D:14)
  A wyvern (Lair:2)
  A wraith (D:14)
  2 basilisks
  A hungry ghost (D:11)
  A naga (Lair:3)
  A soldier ant (D:14)
  A warg (Orc:2)
  2 porcupines
  A water moccasin (Lair:4)
  An orc warrior (Orc:2)
  A crocodile (Lair:1)
  A big kobold (D:11)
  A crimson imp (D:14)
  A lava snake (Lair:4)
  An orc priest (Orc:2)
  2 iguanas
  A worker ant (D:14)
  3 river rats (Lair:3)
  7 orcs
  A ball python (D:2)
  A quokka (D:11)
  3 plants
88 creatures vanquished.

Vanquished Creatures (others)
  A freezing wraith (D:14)
  A jelly (D:12)
  2 jackals (D:8)
  A rat (D:8)
  4 fungi
  3 plants
12 creatures vanquished.

Grand Total: 657 creatures vanquished

Notes
Turn   | Place    | Note
-------+----------+-------------------------------------------
     0 | D:1      | 4thArraOfDagon the Mummy Arcane Marksman began the quest for the Orb.
     0 | D:1      | Reached XP level 1. HP: 15/15 MP: 2/2
   101 | D:1      | Reached XP level 2. HP: 15/21 MP: 3/3
   275 | D:2      | Found a runed door.
   279 | D:2      | Noticed Crazy Yiuf
   283 | D:2      | Killed Crazy Yiuf
   283 | D:2      | Reached XP level 3. HP: 26/26 MP: 4/4
   440 | D:2      | Found a burning altar of Makhleb.
   440 | D:2      | Noticed an Executioner
   446 | D:2      | Reached XP level 4. HP: 31/32 MP: 5/5
   468 | D:2      | Noticed a neqoxec
   468 | D:2      | Noticed a hellwing
   470 | D:2      | Became a worshipper of Makhleb the Destroyer
   541 | D:2      | Reached skill level 1 in Staves
   604 | D:2      | Found a bloodstained altar of Trog.
  1488 | D:2      | Reached * piety under Makhleb
  1764 | D:3      | Reached skill level 2 in Staves
  1849 | D:3      | Learned a level 2 spell: Slow
  1964 | D:3      | Found a snail-covered altar of Cheibriados.
  2268 | D:3      | Found a basalt altar of Yredelemnul.
  2350 | D:4      | Reached XP level 5. HP: 36/37 MP: 6/6
  2420 | D:4      | Reached ** piety under Makhleb
  2420 | D:4      | Reached skill level 3 in Staves
  2623 | D:4      | Reached XP level 6. HP: 37/43 MP: 7/7
  2648 | D:4      | Reached skill level 4 in Staves
  2946 | D:4      | Reached skill level 5 in Staves
  3153 | D:5      | Entered Level 5 of the Dungeon
  3314 | D:5      | Noticed a sky beast
  3323 | D:5      | Killed a sky beast
  3323 | D:5      | Reached XP level 7. HP: 39/48 MP: 8/8
  3524 | D:5      | Found a glowing golden altar of the Shining One.
  3575 | D:5      | Reached skill level 6 in Staves
  4168 | D:5      | Found a radiant altar of Vehumet.
  4169 | D:5      | Found a burning altar of Makhleb.
  4398 | D:6      | Found a staircase to the Ecumenical Temple.
  4572 | D:6      | Reached *** piety under Makhleb
  4641 | D:6      | Reached skill level 7 in Staves
  4641 | D:6      | Reached XP level 8. HP: 54/54 MP: 9/9
  4789 | D:6      | Reached skill level 1 in Invocations
  5412 | D:7      | Found an ancient bone altar of Kikubaaqudgha.
  5451 | D:7      | Found a shimmering altar of Xom.
  5466 | D:7      | Found a sparkling altar of Nemelex Xobeh.
  5467 | D:7      | Found an opulent altar of Gozag.
  5512 | D:7      | Reached skill level 8 in Staves
  5512 | D:7      | Reached skill level 1 in Armour
  6000 | D:8      | Reached **** piety under Makhleb
  6020 | D:8      | Found a sacrificial altar of Ru.
  6042 | D:8      | Noticed Pikel
  6053 | D:8      | Killed Pikel
  6053 | D:8      | Reached XP level 9. HP: 54/59 MP: 11/11
  6121 | D:8      | Found a staircase to the Lair.
  6152 | D:8      | Noticed Maurice
  6162 | D:8      | Killed Maurice
  6162 | D:8      | Reached skill level 9 in Staves
  6341 | D:9      | Noticed a troll
  6434 | D:9      | Reached ***** piety under Makhleb
  6501 | D:9      | Reached XP level 10. HP: 45/65 MP: 13/13
  6511 | D:9      | Reached skill level 5 in Invocations
  6586 | D:9      | Reached skill level 10 in Staves
  6914 | D:9      | Reached skill level 5 in Armour
  6917 | D:9      | Noticed a hand axe
  6918 | D:9      | Noticed a hand axe
  6925 | D:9      | Found a hide-covered altar of Uskayaw.
  6961 | D:10     | Entered Level 10 of the Dungeon
  6966 | D:10     | Found a blossoming altar of Fedhas.
  7088 | D:11     | Noticed a hill giant
  7423 | D:10     | Found Duamoh's Armour Boutique.
  7539 | D:10     | Bought the +0 pair of gloves "Nuts" {+Fly Int+4} for 374 gold pieces
  7539 | D:10     | Bought the cursed +0 pair of boots of Gozag's Favour {rCorr Dex+2 SInv} for 382 gold pieces
  7857 | D:10     | Found a staircase to the Orcish Mines.
  7899 | D:11     | Noticed Grum
  7913 | D:11     | Killed Grum
  7966 | D:11     | Reached ****** piety under Makhleb
  7966 | D:11     | Reached XP level 11. HP: 72/72 MP: 15/15
  8040 | D:11     | Reached skill level 11 in Staves
  8139 | D:11     | Killed a hill giant
  8381 | D:12     | Noticed a brown ugly thing
  8391 | D:12     | Killed a brown ugly thing
  8431 | D:12     | Noticed a green ugly thing
  8434 | D:12     | Noticed a brown ugly thing
  8462 | D:12     | Killed a brown ugly thing
  8486 | D:12     | Killed a green ugly thing
  8749 | D:12     | Noticed a hill giant
  8765 | D:12     | Killed a hill giant
  8983 | D:14     | Noticed an unseen horror
  8996 | D:14     | Noticed a cyan ugly thing
  9001 | D:14     | Killed a cyan ugly thing
  9032 | D:14     | Killed an unseen horror
  9044 | D:14     | Noticed a griffon
  9061 | D:14     | Killed a griffon
  9070 | D:14     | Noticed a five-headed hydra
  9077 | D:14     | Killed a five-headed hydra
  9077 | D:14     | Reached skill level 12 in Staves
  9089 | D:14     | Noticed a tengu warrior
  9091 | D:14     | Noticed a brown ugly thing
  9094 | D:14     | Noticed a purple ugly thing
  9098 | D:14     | Killed a tengu warrior
  9098 | D:14     | Reached XP level 12. HP: 60/85 MP: 17/17
  9100 | D:14     | Reached skill level 5 in Fighting
  9171 | D:14     | Noticed a centaur warrior
  9181 | D:14     | Killed a centaur warrior
  9270 | D:13     | Noticed a centaur warrior
  9283 | D:13     | Killed a centaur warrior
  9369 | D:13     | Got a faintly glowing ring mail
  9383 | D:13     | Identified the +1 ring mail of Negation {*Drain rElec rF+ Stlth+} (You found it on level 13 of the Dungeon)
  9898 | D:14     | Noticed a ghoul
  9909 | D:14     | Killed a ghoul
  9911 | D:14     | Turgon: Hi - I didn't know mummies could be drained. Or are you drained by an item?
  9939 | D:14     | Noticed a seven-headed hydra
  9973 | D:14     | Killed a seven-headed hydra
 10055 | D:14     | 4thArraOfDagon: hi
 10055 | D:14     | 4thArraOfDagon: yeah, drained from *drain
 10491 | D:14     | Noticed a ghoul
 10504 | D:14     | Killed a ghoul
 10504 | D:14     | Reached skill level 13 in Staves
 10519 | D:14     | Noticed a centaur warrior
 10536 | D:14     | Killed a centaur warrior
 10556 | D:14     | Gained mutation: You are in touch with the powers of death. [Mummy growth]
 10556 | D:14     | Gained mutation: You can restore your body by infusing magical energy. [Mummy growth]
 10556 | D:14     | Reached XP level 13. HP: 93/95 MP: 19/19
 10668 | D:15     | Entered Level 15 of the Dungeon
 10694 | D:15     | Noticed 4thArraOfDagon's ghost (journeyman TrAE)
 10701 | D:15     | Noticed an Executioner
 11435 | D:15     | Killed 4thArraOfDagon's ghost
 11646 | Orc:1    | Entered Level 1 of the Orcish Mines
 11891 | Orc:2    | Entered Level 2 of the Orcish Mines
 11891 | Orc:2    | Noticed Azrael
 11892 | Orc:2    | rly
 11894 | Orc:1    | 4thArraOfDagon: :(
 12172 | Orc:2    | Found a roughly hewn altar of Beogh.
 12599 | Orc:2    | Found Otzugad's Magic Scroll Emporium.
 12599 | Orc:2    | Found Rarghaag's Gadget Boutique.
 12601 | Orc:2    | Found Zayl's Jewellery Emporium.
 12601 | Orc:2    | Found Nimn's Antique Armour Boutique.
 12786 | Lair:1   | Entered Level 1 of the Lair of Beasts
 13055 | Lair:1   | You fall through a shaft!
 13330 | Lair:3   | Found a staircase to the Snake Pit.
 13701 | Lair:4   | Reached skill level 14 in Staves
 13705 | Lair:4   | Reached skill level 10 in Invocations
 13921 | Lair:4   | Learned a level 3 spell: Mephitic Cloud
 14143 | Lair:5   | Reached skill level 1 in Evocations
 14173 | Lair:5   | Reached XP level 14. HP: 61/105 MP: 21/21
 14192 | Lair:5   | Got a dazzling war axe
 14201 | Lair:5   | Identified the cursed +2 war axe of Conscience {vamp, rC+ MR+ Stlth+} (You found it on level 5 of the Lair of Beasts)
 14254 | Lair:5   | Found a viscous altar of Jiyva.
 14257 | Lair:5   | Found a staircase to the Slime Pits.
 14456 | Lair:6   | Entered Level 6 of the Lair of Beasts
 15812 | Lair:5   | where now
 16097 | Snake:1  | Entered Level 1 of the Snake Pit
 16101 | Snake:1  | Noticed Rupert
 16472 | Orc:2    | Found Wics's Food Shop.
 16473 | Orc:2    | great
 16744 | Orc:2    | Found a staircase to the Elven Halls.
 16753 | Elf:1    | Entered Level 1 of the Elven Halls
 16765 | Elf:1    | Killed from afar by a deep elf knight

Vault maps used:
D:1:      wheals_arrival_linesprint
D:2:      bloody_trog, first_bread, minmay_door_square,
          minmay_gold_behind_fungi, minivault_14, serial_bayou_lagoon_a,
          makhleb_altar_promises_db, uniq_crazy_yiuf_cottage
D:3:      kennysheep_slug_shrine, lemuel_zombie_altar_yredelemnul
D:4:      lexackson_kobold_supper
D:5:      grunt_temple_overflow_lords_of_destruction, tso_altar, st_stairs_10
D:6:      lemuel_ice_spiral_2
D:7:      grunt_temple_overflow_opulence, lemuel_doored_altar,
          kiku_gazebo_pond_becter
D:8:      nicolae_ru_sacrificial_ziggurat, led_sif_book,
          due_lair_maze_entry_diamond, grunt_pizzeria, minmay_misc_feat_alley,
          uniq_maurice, uniq_pikel
D:9:      dancing_weapons_uskayaw, minivault_10
D:10:     orc_0_dummy, serial_shops, shop, fedhas_altar_3
D:11:     uniq_grum
D:12:     interstate_on_off
D:13:     lightli_vaults_fourway_checkpoint
D:14:     minmay_ornate_pinched, hangedman_decor_diamond_cutter, serial_undead,
          serial_undead_b, serial_undead_b, serial_undead_f, serial_undead_e
D:15:     grunt_enter_depths_magical_seal, hangedman_decor_slide_cut
Lair:1:   serial_bayou_ford_a
Lair:3:   minmay_snake_entry_guardpost_small, grunt_megastairs_1
Lair:4:   nicolae_swamp_entry_splash_gauntlet, serial_bayou,
          serial_bayou_shore_b, serial_bayou_pond_c, serial_bayou_lake_a,
          serial_bayou_pond_e, serial_bayou_pond_b
Lair:5:   slime_altar_1, st_stairs_11, beast_lair_carwin_5
Lair:6:   due_jungle_book, st_stairs_7
Snake:1:  corexii_hall_statues_l, grunt_megastairs_3, uniq_rupert, uniq_kirke
Orc:1:    serial_shops
Orc:2:    grunt_orc_tribal_feast, serial_shops, shop, basic_altar, mines2_david,
          uniq_azrael
Elf:1:    minmay_elf_necromancy, nrook_mini_backslash, uniq_asterion

Skill      XL: |  1  2  3  4  5  6  7  8  9 10 11 12 13 14 |
---------------+-------------------------------------------+-----
Crossbows      | 2 3 |  3.3
Staves         | 2 3 5 7 8 9 10 12 13 14 | 14.7
Invocations    | 3 4 6 7 8 10 | 10.0
Armour         | 2 4 5 6 7 8 9 |  9.3
Fighting       | 2 4 6 8 9 |  9.3
Evocations     | 1 4 |  4.8
Dodging        | 2 |  2.2
Spellcasting   | |  1.0
Hexes          | |  2.6

Action                   |  1- 3 |  4- 6 |  7- 9 | 10-12 | 13-15 || total
-------------------------+-------+-------+-------+-------+-------++-------
Melee: Quarterstaff      |    24 |   200 |   280 |   705 |   944 ||  2153
 Fire: Hand crossbow     |    26 |       |       |       |       ||    26
Throw: Throwing net      |       |     1 |     1 |     4 |     2 ||     8
       Tomahawk          |       |       |       |     1 |       ||     1
Invok: Lesser Servant of |       |       |       |    28 |    68 ||    96
       Greater Servant o |       |       |       |       |     2 ||     2
 Abil: Evoke Flight      |       |       |       |       |     1 ||     1
Evoke: Wand              |       |       |    15 |     8 |    19 ||    42
  Use: Scroll            |       |    10 |     3 |    11 |     9 ||    33
 Stab: Confused          |       |     2 |       |       |       ||     2
       Paralysed         |       |     2 |    26 |    14 |     8 ||    50
       Held in net/web   |       |       |     1 |     1 |     2 ||     4
       Petrified         |       |       |     1 |     1 |       ||     2
       Petrifying        |       |       |       |     4 |       ||     4
       Distracted        |       |       |       |    11 |    16 ||    27
       Sleeping          |       |       |       |     1 |     1 ||     2
Armor: Robe              |     1 |       |       |       |       ||     1
       Ring mail         |     2 |    62 |    43 |     5 |       ||   112
       Plate armour      |       |       |    19 |       |       ||    19
       Scale mail        |       |       |    44 |     9 |       ||    53
       Troll leather arm |       |       |       |   137 |   182 ||   319
Dodge: Dodged            |    18 |   104 |    84 |   265 |   321 ||   792
Block: Other             |       |       |     3 |    71 |   117 ||   191
       Reflection        |       |       |       |     4 |     1 ||     5
